 Dungeon Crawl Stone Soup version 0.31-a0-675-g238779eb0a (webtiles) character file.

Game seed: 16400323927363141271

33 lunkers the Insei (level 3, 0/28 HPs)
             Began as a Meteoran Shapeshifter on Sept 5, 2023.
             Slain by Crazy Yiuf
             ... wielding a +3 quarterstaff of chaos
              (1 damage)
             ... on level 2 of the Dungeon.
             The game lasted 00:01:04 (456 turns).

lunkers the Insei (Meteoran Shapeshifter)            Turns: 456, Time: 00:01:04

Health: 0/28       AC:  5    Str: 15    XL:     3   Next: 70%
Magic:  2/4        EV: 11    Int: 11    God:
Gold:   52         SH:  0    Dex: 16    Spells: 2/2 levels left

rFire   . .          .
                       - Unarmed
rCold   . . .        (no shield)
rNeg    . . .        j - +0 ring mail
rPois   .            (helmet currently unavailable)
rElec   .            (cloak currently unavailable)
rCorr   .            (gloves currently unavailable)
SInv    .            (boots currently unavailable)
Will    .....        (no amulet)
Stlth   +            (no ring)
HPRegen 0.24/turn    (no ring)
MPRegen 0.09/turn

%: no passive effects
@: beast-form, glowing
A: beast (slay +2), sense surroundings 1, otherworldly, glowing, explore regen
a: Begin Untransformation


You were on level 2 of the Dungeon.
You were a hulking beast.
You visited 1 branch of the dungeon, and saw 2 of its levels.

You collected 52 gold pieces.

Inventory:

Armour
 a - a +0 animal skin
 j - a +0 ring mail (worn)
Talismans
 c - a beast talisman (active)
 d - a flux talisman
Scrolls
 b - 2 scrolls of enchant weapon {unknown}
 f - 2 scrolls of revelation {unknown}
 g - a scroll of identify {unknown}
 i - a scroll of butterflies {unknown}
 k - a scroll of acquirement {unknown}
Potions
 e - a potion of might {unknown}
 h - 2 potions of resistance {unknown}


   Skills:
 - Level 1.1 Fighting
 - Level 2.1 Dodging
 * Level 4.7 Unarmed Combat
 + Level 4.1 Shapeshifting


You had 2 spell levels left.
You didn't know any spells.
Your spell library was empty.

Dungeon Overview and Level Annotations

Branches:
Dungeon (2/15) Zot: 745

Altars:

Annotations:
D:2 Crazy Yiuf


Innate Abilities, Weirdness & Mutations

You are a hulking beast.
Your limbs bulge with bestial killing power. (Slay +2)
You passively map a small area around you.
You are easily found by Zot.
You glow in the dark.
You regain HP and MP as you explore.


Message History

No target in view!
No target in view!
No target in view!
No target in view!
No target in view!
You see here a ball python corpse.
You now have 52 gold pieces (gained 14).
A frilled lizard comes into view.
The frilled lizard hisses angrily.
The frilled lizard barely misses you.
You hit the frilled lizard.
You kill the frilled lizard!
Found a hammer.
Found a runed translucent door.
Crazy Yiuf shouts!
You open the door. You hit Crazy Yiuf.
Crazy Yiuf is moderately wounded.
Crazy Yiuf laughs, "Ice poople childish!"
Crazy Yiuf misses you.
You hit Crazy Yiuf.
Crazy Yiuf is heavily wounded.
Crazy Yiuf barely misses you.
You closely miss Crazy Yiuf.
Crazy Yiuf is heavily wounded.
Crazy Yiuf hits you with a +3 quarterstaff of chaos!
Crazy Yiuf freezes you.
* * * LOW HITPOINT WARNING * * *
Unknown command.
You hit Crazy Yiuf but do no damage.
Crazy Yiuf is heavily wounded.
Crazy Yiuf yells, "Proton!"
Crazy Yiuf hits you with a +3 quarterstaff of chaos!
* * * LOW HITPOINT WARNING * * *
You feel your power leaking away.
You barely miss Crazy Yiuf.
Crazy Yiuf is heavily wounded.
Crazy Yiuf hits you with a +3 quarterstaff of chaos.
* * * LOW HITPOINT WARNING * * *
Crazy Yiuf burns you.
You die...

...)...........# #...##
.....##############.#..####
##.#.# #......##....#
##...# ############.#
...#.## #.# .#.<..#* *
♣♣♣♣♣##.## #...#....# ###
♣♣♣.♣..#...# ##....####
#...#♣..♣.......# ##.###
#...gh♣♣♣♣......# .##
#)..#♣♣ ♣♣.#..## . ### *
♣♣#### ## * ,


You could see Crazy Yiuf.

Vanquished Creatures
  Terence (D:2)
  A giant cockroach (D:1)
  A hobgoblin (D:1)
  3 ball pythons
  2 frilled lizards (D:2)
  2 rats
10 creatures vanquished.

Notes
Turn   | Place    | Note
-------+----------+-------------------------------------------
     0 | D:1      | lunkers the Meteoran Shapeshifter began the quest for the
                  | Orb.
     0 | D:1      | Reached XP level 1. HP: 16/16 MP: 2/2
   320 | D:2      | Noticed Terence
   330 | D:2      | Killed Terence
   331 | D:2      | Reached XP level 2. HP: 23/23 MP: 3/3
   331 | D:2      | Reached XP level 3. HP: 28/28 MP: 4/4
   447 | D:2      | Found a runed translucent door.
   448 | D:2      | Noticed Crazy Yiuf
   456 | D:2      | HP: 1/28 [Crazy Yiuf/+3 quarterstaff of chaos (4)]
   456 | D:2      | Slain by Crazy Yiuf

Illustrated notes

Levels and vault maps discovered:
D:1:      denvon_arrival_waterhouse, layout_basic
D:2:      layout_loops_cross, nicolae_figureground_sparkle,
          uniq_crazy_yiuf_cottage, uniq_terence, uniq_sigmund

Skill      XL: |  1 |
---------------+----+-----
Unarmed Combat | 4 |  4.7
Shapeshifting  | 4 |  4.1
Fighting       | |  1.1
Dodging        | |  2.1

Action                     || total
---------------------------++-------
  Melee: Unarmed           ||    39
    Use: Potion            ||     1
 Armour: Skin              ||     5
         Ring mail         ||    12
         Animal skin       ||     3
  Dodge: Dodged            ||    15

Table legend: (Time is in decaauts)
 A = Elapsed time spent in this place.
 B = Non-inter-level travel time spent in this place.
 C = Inter-level travel time spent in this place.
 D = Time resting spent in this place.
 E = Time spent auto-exploring this place.
 F = Levels seen in this place.
 G = Mean time per level.
                   A        B        C        D        E       F      G
               +--------+--------+--------+--------+--------+-----+--------+
         Total |    453 |    453 |      0 |      6 |    318 |   2 |  226.5 |
       Dungeon |    453 |    453 |      0 |      6 |    318 |   2 |  226.5 |
               +--------+--------+--------+--------+--------+-----+--------+

Top non-repeatable levels by time:
     D:1: 316 daAuts
     D:2: 136 daAuts
